 Dungeon Crawl Stone Soup version 0.19-a0-1008-g4c63d25 (webtiles) character file.

75 epen the Ducker (level 4, -1/33 HPs)
             Began as a Merfolk Transmuter on July 23, 2016.
             Slain by a gnoll
             ... wielding a +0 spear
              (9 damage)
             ... on level 2 of the Dungeon.
             The game lasted 00:02:40 (1831 turns).

epen the Ducker (Merfolk Transmuter)                Turns: 1831, Time: 00:02:41

Health: -1/33      AC:  2    Str: 10    XL:     4   Next: 31%
Magic:  1/7        EV: 22    Int: 13    God:
Gold:   64         SH:  0    Dex: 19    Spells: 3 memorised, 1 level left

rFire  . . .     SeeInvis .       - Unarmed
rCold  . . .     Gourm    .     (armour currently unavailable)
rNeg   . . .     Faith    .     (shield currently unavailable)
rPois  x         Spirit   .     (helmet currently unavailable)
rElec  .         Dismiss  .     (cloak currently unavailable)
rCorr  .         Reflect  .     (gloves currently unavailable)
SustAt .         Harm     .     (boots currently unavailable)
MR     .....                    (no amulet)
Stlth  ++........               (no ring)
                                (no ring)

@: spider-form (expiring), very slightly contaminated, not resistant to hostile
enchantments, unstealthy
A: (change form in water), (swift swim)
a: End Transformation


You were on level 2 of the Dungeon.
You were not hungry.
You were a venomous arachnid creature.
You visited 1 branch of the dungeon, and saw 2 of its levels.

You collected 64 gold pieces.

Inventory:

Missiles
 a - 8 arrows
Armour
 b - a +0 robe (melded)
 j - a +0 helmet (melded)
Jewellery
 i - an uncursed ring of fire
Scrolls
 e - a scroll of identify {unknown}
 g - 3 scrolls of remove curse {unknown}
 h - a scroll of magic mapping {unknown}
 l - a scroll of enchant weapon {unknown}
Potions
 f - a potion of heal wounds {unknown}
 k - 2 potions of lignification {unknown}
 m - a potion of degeneration {unknown}
 n - 2 potions of beneficial mutation {unknown}
Books
 c - a book of Changes

   Spells                             Type                      Level
   a - Beastly Appendage              Transmutation                1
   b - Sticks to Snakes               Transmutation                2
   c - Spider Form                    Transmutation/Poison         3
   d - Ice Form                       Ice/Transmutation            4
   e - Blade Hands                    Transmutation                5
Comestibles
 d - a bread ration
 o - 3 chunks of flesh


   Skills:
 + Level 1.7 Fighting
 + Level 3.8 Dodging
 + Level 3.8 Unarmed Combat
 + Level 2.4 Spellcasting
 + Level 3.6 Transmutations


You had one spell level left.
You knew the following spells:

 Your Spells              Type           Power        Failure   Level  Hunger
a - Beastly Appendage     Tmut           ##....       21%         1    #......
b - Sticks to Snakes      Tmut           ##......     24%         2    ###....
c - Spider Form           Tmut/Pois      #.........   61%         3    ###....


Dungeon Overview and Level Annotations

Branches:
Dungeon (2/15)

Altars:


Message History

You hit the gnoll.
You kill the gnoll!
The gnoll hits you from afar with a spear.
The gnoll hits you but does no damage.
Things that are here:
a halberd; 20 stones You hit the gnoll.
The gnoll is poisoned.
The gnoll is lightly wounded.
The gnoll hits you with a spear!
* * * LOW HITPOINT WARNING * * *
You are too injured to fight recklessly!
Unknown command.
You are too injured to fight recklessly!
You closely miss the gnoll.
The gnoll is lightly wounded.
The gnoll closely misses you.
You hit the gnoll.
The gnoll is heavily wounded.
The gnoll hits you with a spear!
You die...

###.#.#.######.#.......
#.....#........#.......
#.#.##########.#.......
#.#..#.....# #.'.......
#....#.###.# #.#.......
######...#.# #.#.......
.........#.# #.########
######..)#.###'#######
###s#.#.........#
#g#.#.........#
#.#.#.......[.#
..#.#.........#
#########.#.........###
#.......#.###.#........
#.####..#.###.#.#######
#....#......#.#.#
#..).#..#.#.#.#.#


You could see a gnoll.

Vanquished Creatures
  2 gnolls (D:2)
  An adder (D:2)
  An ooze (D:2)
  A dart slug (D:1)
  A giant cockroach (D:1)
  5 goblins (D:1)
  4 hobgoblins
  6 kobolds
  A quokka (D:2)
  6 bats (D:1)
  2 giant newts (D:1)
  2 rats
32 creatures vanquished.

Vanquished Creatures (collateral kills)
  A gnoll (D:1)
  A hobgoblin (D:1)
  2 kobolds (D:1)
4 creatures vanquished.

Grand Total: 36 creatures vanquished

Notes
Turn   | Place    | Note
-------+----------+-------------------------------------------
     0 | D:1      | epen the Merfolk Transmuter began the quest for the Orb.
     0 | D:1      | Reached XP level 1. HP: 15/15 MP: 3/3
   421 | D:1      | Reached XP level 2. HP: 19/21 MP: 5/5
   436 | D:1      | Learned a level 2 spell: Sticks to Snakes
  1052 | D:1      | Reached XP level 3. HP: 22/26 MP: 6/6
  1057 | D:1      | Learned a level 3 spell: Spider Form
  1821 | D:2      | Reached XP level 4. HP: 21/33 MP: 0/7
  1831 | D:2      | Slain by a gnoll

Vault maps used:
D:1:      dpeg_arrival_morbid_curiosity
D:2:      grunt_ministairs_3

Skill      XL: |  1 |
---------------+----+-----
Dodging        | 3 |  3.8
Transmutations | 3 |  3.6
Fighting       | |  1.7
Unarmed Combat | |  3.8
Spellcasting   | |  2.4

Action                   |  1- 3 |  4- 6 || total
-------------------------+-------+-------++-------
Melee: Unarmed           |   145 |     8 ||   153
       Headbutt          |     2 |       ||     2
       Punch             |     1 |       ||     1
 Cast: Sticks to Snakes  |     4 |       ||     4
       Beastly Appendage |     2 |       ||     2
       Spider Form       |     2 |       ||     2
  Eat: Chunk             |     4 |       ||     4
Armor: Robe              |    31 |       ||    31
       Skin              |     1 |     1 ||     2
Dodge: Dodged            |   130 |    11 ||   141
